[ AOE2 MATCH · #481237204 ]
Team RMChinese vs Ethiopians
[ REPLAY ANALYSIS · EXTRACTED FROM THE RECORDED GAME ]
Feudal
13:12
Castle
18:34
Imperial
38:28
| APM avg | 26.2 |
| APM peak | 63 |
| eAPM avg | 14.6 |
| Villagers / military | 146 / 83 |
Focus
⚔️ 24.1% · 🌾 75.9%
Fire Lancer ×48 · Archer ×17 · Iron Pagoda ×9 · Fishing Ship ×6 · Spearman ×3 · Battering Ram ×3
Feudal
14:42
Castle
19:33
Imperial
46:04
| APM avg | 32.9 |
| APM peak | 81 |
| eAPM avg | 15.1 |
| Villagers / military | 109 / 14 |
Focus
⚔️ 22.5% · 🌾 77.5%
Fishing Ship ×9 · Knight ×8 · Transport Ship ×3 · Monk ×1 · Spearman ×1 · Scout Cavalry ×1
Feudal
16:35
Castle
21:21
Imperial
41:34
| APM avg | 25.5 |
| APM peak | 50 |
| eAPM avg | 13.6 |
| Villagers / military | 58 / 121 |
Focus
⚔️ 42.1% · 🌾 57.9%
Archer ×46 · Spearman ×45 · Fishing Ship ×21 · Knight ×20 · Scout Cavalry ×7 · Trebuchet (Packed) ×2
Feudal
—
Castle
—
Imperial
—
| APM avg | 19.1 |
| APM peak | 72 |
| eAPM avg | 11.3 |
| Villagers / military | 149 / 113 |
Focus
⚔️ 27.3% · 🌾 72.7%
Karambit Warrior ×62 · Spearman ×38 · Fishing Ship ×10 · Battering Ram ×4 · Scout Cavalry ×4 · Trebuchet (Packed) ×3
Feudal
15:27
Castle
20:54
Imperial
—
| APM avg | 17.8 |
| APM peak | 58 |
| eAPM avg | 7.6 |
| Villagers / military | 28 / 43 |
Focus
⚔️ 38.6% · 🌾 61.4%
Archer ×18 · Kipchak ×13 · Battering Ram ×9 · Fishing Ship ×7 · Fire Galley ×3
Feudal
17:27
Castle
22:16
Imperial
35:22
| APM avg | 25.6 |
| APM peak | 73 |
| eAPM avg | 11.7 |
| Villagers / military | 71 / 69 |
Focus
⚔️ 18.9% · 🌾 81.1%
Hand Cannoneer ×30 · Fishing Ship ×26 · Camel Scout ×13 · Ghulam ×12 · Spearman ×10 · Militia ×3
Feudal
—
Castle
—
Imperial
—
| APM avg | 26.0 |
| APM peak | 44 |
| eAPM avg | 12.2 |
| Villagers / military | 77 / 118 |
Focus
⚔️ 40.6% · 🌾 59.4%
Tarkan ×54 · Fishing Ship ×51 · Knight ×47 · Fire Galley ×9 · Scout Cavalry ×5 · Unknown (2626) ×4
Feudal
14:49
Castle
19:39
Imperial
35:33
| APM avg | 31.3 |
| APM peak | 63 |
| eAPM avg | 19.2 |
| Villagers / military | 172 / 147 |
Focus
⚔️ 21.9% · 🌾 78.1%
Woad Raider ×89 · Spearman ×42 · Fishing Ship ×17 · Battering Ram ×10 · Monk ×2 · Mangonel ×2
Match map
Initial resources + every placement click. Lines = walls · curves = elevation contours. ◆ gold · ⬟ stone · ● berries · ✦ relic · ◌ wall gap
Your base· Open — 9t gap
Alcatraz's base· Open — 12t gap
Steppo's base· Open — unwalled flank
Saul carvajal 9's base· Open — unwalled flank
[BK] Ayala_27's base· Open — unwalled flank
FAKEDICK's base· Open — 3t gap
Diegonorreea's base· Open — 14t gap
還沒漲完?'s base· Open — 14t gap
Smoothed initial terrain · ◌ = detected wall gap · hover for details
Inputs per minute
— cortes.av - - Alcatraz
Build order — cortes.av
First 150 of 379 actions detected
| 0:19 | Build | Town Center |
| 0:39 | Build | Dock |
| 2:35 | Research | Loom |
| 3:03 | Create | Villager (Male) |
| 3:55 | Create | Villager (Male) |
| 4:45 | Create | Fishing Ship |
| 4:55 | Create | Villager (Male) |
| 4:55 | Create | Villager (Male) |
| 5:13 | Create | Villager (Male) |
| 5:13 | Create | Villager (Male) |
| 5:57 | Create | Fishing Ship |
| 5:59 | Create | Villager (Male) |
| 6:21 | Build | House |
| 6:29 | Create | Villager (Male) |
| 6:54 | Create | Villager (Male) |
| 6:54 | Create | Villager (Male) |
| 7:14 | Create | Fishing Ship |
| 7:30 | Create | Villager (Male) |
| 7:31 | Create | Villager (Male) |
| 7:31 | Create | Villager (Male) |
| 7:56 | Create | Fishing Ship |
| 8:12 | Create | Villager (Male) |
| 8:12 | Create | Villager (Male) |
| 8:17 | Build | House |
| 8:43 | Create | Fishing Ship |
| 9:13 | Create | Villager (Male) |
| 9:15 | Create | Fishing Ship |
| 9:31 | Build | House |
| 9:37 | Create | Villager (Male) |
| 10:24 | Build | Lumber Camp |
| 10:26 | Create | Villager (Male) |
| 11:02 | Research | Feudal Age |
| 11:51 | Build | House |
| 12:14 | Build | Barracks |
| 12:41 | Create | Villager (Male) |
| 13:01 | Build | Mining Camp |
| 13:12 | Age | Feudal Age |
| 13:24 | Build | Blacksmith |
| 13:43 | Build | Mill |
| 13:45 | Create | Villager (Male) |
| 13:46 | Create | Villager (Male) |
| 14:15 | Build | Market |
| 14:31 | Create | Villager (Male) |
| 14:47 | Research | Double-Bit Axe |
| 15:00 | Create | Villager (Male) |
| 15:54 | Research | Castle Age |
| 16:32 | Research | Horse Collar |
| 16:35 | Build | House |
| 16:37 | Build | House |
| 16:38 | Build | House |
| 16:39 | Build | House |
| 17:15 | Create | Villager (Male) |
| 17:15 | Create | Villager (Male) |
| 17:42 | Create | Villager (Male) |
| 17:42 | Create | Villager (Male) |
| 18:11 | Create | Villager (Male) |
| 18:12 | Create | Villager (Male) |
| 18:34 | Age | Castle Age |
| 18:37 | Build | Town Center |
| 18:43 | Research | Bow Saw |
| 18:53 | Build | Siege Workshop |
| 18:57 | Create | Fire Lancer |
| 18:57 | Create | Fire Lancer |
| 19:04 | Research | Scale Mail Armor |
| 19:10 | Research | Gold Mining |
| 19:13 | Create | Villager (Male) |
| 19:22 | Research | Wheelbarrow |
| 19:30 | Create | Villager (Male) |
| 19:30 | Create | Villager (Male) |
| 19:31 | Create | Villager (Male) |
| 19:37 | Create | Fire Lancer |
| 19:50 | Create | Villager (Male) |
| 20:17 | Create | Villager (Male) |
| 20:18 | Create | Villager (Male) |
| 20:18 | Create | Villager (Male) |
| 20:18 | Create | Villager (Male) |
| 20:26 | Create | Iron Pagoda |
| 21:04 | Build | Lumber Camp |
| 21:42 | Create | Iron Pagoda |
| 21:45 | Create | Villager (Male) |
| 21:46 | Create | Villager (Male) |
| 21:46 | Create | Villager (Male) |
| 21:47 | Create | Villager (Male) |
| 21:51 | Create | Fire Lancer |
| 21:51 | Create | Fire Lancer |
| 22:25 | Create | Fire Lancer |
| 22:25 | Create | Fire Lancer |
| 22:26 | Create | Fire Lancer |
| 22:55 | Research | Hand Cart |
| 23:02 | Create | Villager (Male) |
| 23:03 | Create | Villager (Male) |
| 23:03 | Create | Villager (Male) |
| 23:03 | Create | Villager (Male) |
| 23:29 | Create | Villager (Male) |
| 23:29 | Create | Villager (Male) |
| 23:36 | Build | Barracks |
| 23:43 | Build | Mill |
| 23:58 | Create | Iron Pagoda |
| 23:59 | Create | Iron Pagoda |
| 24:17 | Create | Villager (Male) |
| 24:17 | Create | Villager (Male) |
| 24:31 | Create | Iron Pagoda |
| 24:32 | Create | Villager (Male) |
| 24:32 | Create | Villager (Male) |
| 24:33 | Create | Villager (Male) |
| 24:33 | Create | Villager (Male) |
| 25:25 | Create | Spearman |
| 25:25 | Create | Spearman |
| 25:25 | Create | Spearman |
| 25:30 | Create | Iron Pagoda |
| 25:33 | Create | Villager (Male) |
| 25:33 | Create | Villager (Male) |
| 25:33 | Create | Villager (Male) |
| 25:34 | Create | Villager (Male) |
| 25:43 | Create | Fire Lancer |
| 25:43 | Create | Fire Lancer |
| 25:49 | Create | Fire Lancer |
| 25:49 | Create | Fire Lancer |
| 25:52 | Create | Iron Pagoda |
| 25:52 | Create | Iron Pagoda |
| 25:53 | Create | Villager (Male) |
| 25:53 | Create | Villager (Male) |
| 25:53 | Create | Villager (Male) |
| 25:53 | Create | Villager (Male) |
| 25:57 | Create | Iron Pagoda |
| 26:06 | Research | Chain Mail Armor |
| 26:07 | Research | Forging |
| 26:25 | Build | Town Center |
| 26:30 | Build | House |
| 26:31 | Build | House |
| 26:34 | Build | House |
| 26:35 | Build | House |
| 26:36 | Build | House |
| 26:36 | Build | House |
| 26:57 | Create | Fire Lancer |
| 26:57 | Create | Fire Lancer |
| 27:03 | Research | Squires |
| 27:10 | Create | Fire Lancer |
| 27:10 | Create | Fire Lancer |
| 27:11 | Create | Villager (Male) |
| 27:12 | Create | Villager (Male) |
| 27:12 | Create | Villager (Male) |
| 27:12 | Create | Villager (Male) |
| 27:27 | Create | Villager (Male) |
| 27:33 | Research | Heavy Plow |
| 27:41 | Create | Fire Lancer |
| 27:41 | Create | Fire Lancer |
| 27:42 | Create | Fire Lancer |
| 27:42 | Create | Fire Lancer |
| 27:58 | Create | Fire Lancer |
Build order — Alcatraz
First 150 of 284 actions detected
| 0:50 | Build | Town Center |
| 1:22 | Build | House |
| 3:04 | Create | Villager (Male) ×4 |
| 3:53 | Build | Dock |
| 4:11 | Research | Loom |
| 4:33 | Create | Fishing Ship |
| 5:40 | Create | Fishing Ship |
| 5:49 | Create | Villager (Male) |
| 5:58 | Build | House |
| 6:29 | Create | Villager (Male) ×2 |
| 6:59 | Create | Villager (Male) |
| 7:13 | Build | House |
| 7:24 | Create | Villager (Male) ×2 |
| 7:45 | Create | Villager (Male) ×2 |
| 8:24 | Create | Villager (Male) |
| 8:34 | Build | Palisade Wall |
| 8:48 | Create | Villager (Male) |
| 9:26 | Create | Villager (Male) |
| 10:28 | Create | Villager (Male) |
| 10:38 | Build | Mining Camp |
| 10:49 | Build | House |
| 10:52 | Create | Fishing Ship |
| 11:02 | Build | Palisade Wall |
| 11:21 | Build | Mining Camp |
| 11:22 | Create | Villager (Male) |
| 11:44 | Build | Palisade Wall |
| 12:05 | Build | Outpost |
| 12:16 | Build | Palisade Wall |
| 12:23 | Create | Villager (Male) |
| 12:29 | Create | Villager (Male) |
| 12:30 | Research | Feudal Age |
| 12:45 | Build | Mill |
| 12:53 | Create | Fishing Ship |
| 13:09 | Create | Transport Ship |
| 13:42 | Build | Barracks |
| 13:49 | Build | House |
| 13:59 | Build | Palisade Wall |
| 14:01 | Create | Villager (Male) |
| 14:40 | Create | Villager (Male) |
| 14:42 | Age | Feudal Age |
| 14:48 | Build | Stone Wall |
| 15:18 | Create | Villager (Male) |
| 15:34 | Build | Stable |
| 15:41 | Build | Blacksmith |
| 15:45 | Create | Villager (Male) |
| 16:18 | Build | House |
| 16:28 | Create | Villager (Male) |
| 16:40 | Research | Castle Age |
| 16:53 | Build | Lumber Camp |
| 17:20 | Create | Fishing Ship |
| 17:45 | Build | Stone Wall |
| 18:20 | Build | Mining Camp |
| 18:23 | Create | Villager (Male) |
| 18:48 | Create | Villager (Male) |
| 18:50 | Research | Double-Bit Axe |
| 19:22 | Create | Spearman |
| 19:33 | Age | Castle Age |
| 19:41 | Create | Knight |
| 19:44 | Create | Villager (Male) |
| 19:48 | Research | Bow Saw |
| 20:21 | Create | Knight |
| 20:22 | Create | Villager (Male) |
| 20:26 | Create | Fishing Ship |
| 20:36 | Build | House |
| 20:38 | Build | House |
| 20:39 | Build | House |
| 20:44 | Build | House |
| 20:46 | Create | Villager (Male) |
| 20:58 | Create | Knight |
| 21:03 | Build | House |
| 21:04 | Create | Villager (Male) |
| 21:17 | Create | Villager (Male) |
| 21:25 | Create | Fishing Ship |
| 21:40 | Research | Scale Barding Armor |
| 21:56 | Create | Transport Ship |
| 22:03 | Create | Knight |
| 22:14 | Create | Villager (Male) |
| 22:32 | Create | Knight |
| 22:33 | Create | Villager (Male) |
| 22:38 | Create | Fishing Ship |
| 22:54 | Research | Tech 906 |
| 23:01 | Research | Wheelbarrow |
| 23:01 | Research | Wheelbarrow |
| 23:08 | Create | Villager (Male) |
| 23:12 | Build | House |
| 23:15 | Build | House |
| 23:23 | Create | Villager (Male) |
| 23:39 | Create | Villager (Male) |
| 24:03 | Create | Fishing Ship |
| 24:08 | Build | Fish Trap |
| 24:08 | Build | Fish Trap |
| 24:09 | Build | Fish Trap |
| 24:18 | Create | Knight |
| 24:19 | Create | Villager (Male) |
| 24:25 | Build | House |
| 24:27 | Build | House |
| 24:37 | Build | Market |
| 24:38 | Create | Villager (Male) |
| 24:42 | Build | Farm |
| 24:42 | Build | Farm |
| 24:44 | Build | Farm |
| 25:16 | Create | Knight |
| 25:18 | Create | Villager (Male) |
| 25:35 | Build | Farm |
| 25:36 | Build | Farm |
| 25:37 | Build | Farm |
| 25:42 | Build | Farm |
| 25:45 | Build | Farm |
| 25:49 | Build | Farm |
| 25:50 | Create | Villager (Male) |
| 25:53 | Create | Scout Cavalry |
| 25:56 | Create | Knight |
| 26:24 | Build | House |
| 26:25 | Build | House |
| 26:26 | Build | House |
| 26:55 | Create | Transport Ship |
| 31:22 | Build | Town Center |
| 32:21 | Build | Town Center |
| 32:57 | Create | Villager (Male) |
| 32:57 | Create | Villager (Male) |
| 32:57 | Create | Villager (Male) |
| 33:27 | Create | Villager (Male) |
| 33:27 | Create | Villager (Male) |
| 33:29 | Create | Villager (Male) |
| 33:29 | Create | Villager (Male) |
| 33:29 | Create | Villager (Male) |
| 33:30 | Create | Villager (Male) |
| 33:30 | Create | Villager (Male) |
| 33:57 | Build | House |
| 33:58 | Build | House |
| 34:00 | Build | House |
| 34:02 | Create | Villager (Male) |
| 34:02 | Create | Villager (Male) |
| 34:02 | Create | Villager (Male) |
| 34:07 | Build | House |
| 34:08 | Build | House |
| 34:27 | Build | Lumber Camp |
| 34:34 | Build | Monastery |
| 34:36 | Create | Villager (Male) |
| 34:37 | Create | Villager (Male) |
| 34:37 | Create | Villager (Male) |
| 34:48 | Build | Mill |
| 35:18 | Create | Villager (Male) |
| 35:18 | Create | Villager (Male) |
| 35:18 | Create | Villager (Male) |
| 35:37 | Create | Villager (Male) |
| 35:39 | Build | House |
| 35:47 | Build | Fish Trap |
| 35:47 | Build | Fish Trap |
| 35:48 | Build | Fish Trap |
Build order — Steppo
First 150 of 320 actions detected
| 0:37 | Build | Dock |
| 0:47 | Build | Town Center |
| 1:17 | Build | House |
| 1:19 | Build | House |
| 3:04 | Create | Villager (Male) |
| 3:05 | Create | Villager (Male) |
| 3:05 | Create | Villager (Male) |
| 3:05 | Create | Villager (Male) |
| 3:06 | Research | Loom |
| 4:03 | Create | Villager (Male) |
| 4:03 | Create | Villager (Male) |
| 4:47 | Create | Fishing Ship |
| 5:22 | Create | Villager (Male) |
| 5:39 | Create | Villager (Male) |
| 5:57 | Create | Fishing Ship |
| 6:18 | Create | Villager (Male) |
| 6:31 | Create | Villager (Male) |
| 6:49 | Build | House |
| 6:50 | Build | House |
| 7:02 | Create | Villager (Male) |
| 7:34 | Create | Villager (Male) |
| 7:42 | Create | Fishing Ship |
| 7:49 | Build | House |
| 8:03 | Create | Villager (Male) |
| 8:32 | Create | Villager (Male) |
| 8:37 | Create | Fishing Ship |
| 9:00 | Create | Villager (Male) |
| 9:01 | Create | Villager (Male) |
| 9:04 | Create | Fishing Ship |
| 9:22 | Create | Villager (Male) |
| 9:22 | Create | Villager (Male) |
| 9:48 | Create | Fishing Ship |
| 9:50 | Create | Villager (Male) |
| 10:14 | Create | Fishing Ship |
| 10:34 | Build | House |
| 10:36 | Build | House |
| 10:40 | Create | Villager (Male) |
| 10:42 | Create | Fishing Ship |
| 10:43 | Create | Villager (Male) |
| 10:44 | Create | Villager (Male) |
| 11:36 | Build | Lumber Camp |
| 11:40 | Create | Villager (Male) |
| 11:41 | Create | Fishing Ship |
| 12:00 | Build | Mill |
| 12:08 | Create | Villager (Male) |
| 12:09 | Create | Villager (Male) |
| 12:52 | Create | Fishing Ship |
| 12:54 | Create | Villager (Male) |
| 13:14 | Build | Mill |
| 13:25 | Create | Fishing Ship |
| 13:26 | Create | Villager (Male) |
| 13:51 | Build | House |
| 13:52 | Build | House |
| 13:53 | Build | House |
| 13:54 | Build | House |
| 14:18 | Research | Feudal Age |
| 14:20 | Create | Fishing Ship |
| 15:07 | Create | Fishing Ship |
| 15:29 | Build | Mining Camp |
| 15:54 | Create | Villager (Male) |
| 15:58 | Build | House |
| 16:00 | Build | House |
| 16:00 | Build | House |
| 16:35 | Age | Feudal Age |
| 16:43 | Create | Villager (Male) |
| 16:43 | Create | Villager (Male) |
| 16:52 | Build | Barracks |
| 17:00 | Build | Blacksmith |
| 17:14 | Research | Double-Bit Axe |
| 17:16 | Create | Villager (Male) |
| 17:16 | Create | Villager (Male) |
| 17:18 | Research | Gold Mining |
| 17:45 | Build | House |
| 17:46 | Build | House |
| 17:47 | Build | House |
| 17:57 | Build | Archery Range |
| 18:35 | Research | Castle Age |
| 18:37 | Create | Archer |
| 18:37 | Create | Archer |
| 18:38 | Create | Spearman |
| 18:38 | Create | Spearman |
| 18:41 | Research | Fletching |
| 19:07 | Build | Archery Range |
| 19:14 | Build | Stable |
| 19:19 | Create | Archer |
| 19:19 | Create | Archer |
| 19:20 | Create | Spearman |
| 19:25 | Build | House |
| 19:31 | Build | House |
| 19:32 | Build | House |
| 19:33 | Build | House |
| 19:58 | Create | Archer |
| 19:58 | Create | Archer |
| 20:00 | Create | Spearman |
| 20:02 | Research | Padded Archer Armor |
| 20:03 | Research | Scale Mail Armor |
| 20:11 | Create | Scout Cavalry |
| 20:21 | Create | Archer |
| 20:21 | Create | Archer |
| 20:23 | Create | Spearman |
| 20:27 | Create | Archer |
| 20:28 | Create | Spearman |
| 21:13 | Create | Archer |
| 21:13 | Create | Archer |
| 21:14 | Create | Spearman |
| 21:21 | Age | Castle Age |
| 21:38 | Create | Villager (Male) |
| 21:38 | Create | Villager (Male) |
| 21:43 | Research | Crossbowman (upgrade) |
| 21:48 | Create | Knight |
| 22:15 | Build | Dock |
| 22:22 | Create | Archer |
| 23:00 | Create | Knight |
| 23:02 | Create | Knight |
| 23:23 | Create | Fishing Ship |
| 23:24 | Create | Fishing Ship |
| 23:26 | Build | Fish Trap |
| 23:28 | Build | Fish Trap |
| 23:31 | Build | Fish Trap |
| 23:34 | Build | Fish Trap |
| 23:37 | Create | Fishing Ship |
| 23:37 | Create | Fishing Ship |
| 23:40 | Create | Fishing Ship |
| 23:40 | Create | Fishing Ship |
| 23:46 | Build | House |
| 23:46 | Build | House |
| 23:47 | Build | House |
| 23:59 | Create | Knight |
| 24:21 | Research | Husbandry |
| 25:30 | Build | Town Center |
| 25:34 | Create | Archer |
| 25:34 | Create | Archer |
| 25:35 | Create | Archer |
| 25:37 | Research | Thumb Ring |
| 25:39 | Create | Knight |
| 25:50 | Build | Town Center |
| 25:56 | Build | House |
| 25:57 | Build | House |
| 25:57 | Build | House |
| 26:06 | Build | Dock |
| 26:15 | Research | Horse Collar |
| 26:19 | Create | Knight |
| 26:21 | Create | Archer |
| 26:22 | Create | Archer |
| 26:23 | Create | Villager (Male) |
| 26:27 | Build | Farm |
| 26:30 | Build | Farm |
| 26:31 | Build | Farm |
| 26:34 | Build | Farm |
| 26:35 | Build | Farm |
Build order — Saul carvajal 9
First 150 of 275 actions detected
| 0:29 | Build | Town Center |
| 2:27 | Build | House |
| 2:46 | Create | Villager (Male) ×4 |
| 2:46 | Create | Villager (Male) ×4 |
| 3:33 | Research | Loom |
| 4:08 | Build | Dock |
| 4:12 | Build | House |
| 4:40 | Create | Villager (Male) |
| 5:06 | Create | Fishing Ship |
| 5:52 | Create | Villager (Male) |
| 5:52 | Create | Villager (Male) |
| 6:00 | Create | Villager (Male) |
| 6:44 | Create | Villager (Male) |
| 6:44 | Create | Villager (Male) |
| 6:55 | Create | Fishing Ship |
| 7:14 | Create | Villager (Male) |
| 7:34 | Build | House |
| 7:46 | Create | Villager (Male) |
| 7:46 | Create | Villager (Male) |
| 7:46 | Create | Villager (Male) |
| 7:47 | Create | Villager (Male) |
| 7:56 | Build | House |
| 8:28 | Create | Villager (Male) |
| 8:28 | Create | Villager (Male) |
| 8:50 | Build | Palisade Wall |
| 8:57 | Create | Villager (Male) |
| 9:08 | Create | Fishing Ship |
| 9:58 | Build | Mill |
| 10:12 | Create | Villager (Male) |
| 10:12 | Create | Villager (Male) |
| 10:12 | Create | Villager (Male) |
| 10:29 | Create | Fishing Ship |
| 10:41 | Build | House |
| 10:46 | Build | House |
| 11:13 | Research | Feudal Age |
| 11:48 | Build | Barracks |
| 12:02 | Create | Villager (Male) |
| 12:03 | Create | Villager (Male) |
| 12:03 | Create | Villager (Male) |
| 12:03 | Create | Villager (Male) |
| 13:05 | Build | Stable |
| 13:25 | Create | Villager (Male) |
| 14:01 | Create | Villager (Male) |
| 14:02 | Create | Villager (Male) |
| 14:12 | Build | Blacksmith |
| 14:25 | Build | Palisade Wall |
| 14:52 | Build | Palisade Wall |
| 15:01 | Create | Villager (Male) |
| 15:11 | Create | Fishing Ship |
| 15:27 | Build | House |
| 15:37 | Create | Unit 2626 |
| 15:54 | Build | Mining Camp |
| 16:12 | Research | Castle Age |
| 16:25 | Create | Unit 2626 |
| 16:59 | Build | House |
| 18:13 | Build | Mill |
| 18:23 | Create | Villager (Male) |
| 18:23 | Create | Villager (Male) |
| 18:24 | Create | Villager (Male) |
| 18:24 | Create | Villager (Male) |
| 18:24 | Create | Villager (Male) |
| 18:24 | Create | Villager (Male) |
| 19:26 | Build | Castle |
| 19:35 | Create | Villager (Male) |
| 19:35 | Create | Villager (Male) |
| 19:51 | Build | Castle |
| 21:16 | Build | Siege Workshop |
| 22:01 | Create | Battering Ram |
| 22:01 | Create | Battering Ram |
| 22:20 | Create | Scout Cavalry |
| 22:44 | Create | Battering Ram |
| 23:36 | Create | Battering Ram |
| 23:50 | Build | Mill |
| 23:55 | Create | Villager (Male) |
| 23:55 | Create | Villager (Male) |
| 24:13 | Create | Karambit Warrior |
| 24:13 | Create | Karambit Warrior |
| 24:14 | Create | Karambit Warrior |
| 24:14 | Create | Karambit Warrior |
| 25:26 | Create | Karambit Warrior ×5 |
| 25:26 | Create | Karambit Warrior ×5 |
| 25:27 | Create | Karambit Warrior ×5 |
| 25:49 | Build | Farm |
| 25:50 | Build | Farm |
| 25:50 | Build | Farm |
| 25:50 | Build | Farm |
| 25:50 | Build | Farm |
| 25:51 | Build | Farm |
| 25:51 | Build | Farm |
| 25:51 | Build | Farm |
| 25:52 | Build | Farm |
| 25:52 | Build | Farm |
| 25:56 | Create | Karambit Warrior ×4 |
| 25:56 | Create | Karambit Warrior |
| 26:01 | Build | House |
| 26:05 | Build | House |
| 26:06 | Build | House |
| 26:06 | Build | House |
| 26:24 | Create | Karambit Warrior ×4 |
| 26:25 | Create | Karambit Warrior ×4 |
| 27:09 | Create | Karambit Warrior ×5 |
| 27:09 | Create | Karambit Warrior ×3 |
| 27:21 | Create | Karambit Warrior ×2 |
| 28:18 | Create | Spearman |
| 28:19 | Create | Spearman |
| 28:19 | Create | Spearman |
| 28:20 | Create | Spearman |
| 28:20 | Create | Spearman |
| 28:20 | Create | Spearman |
| 28:20 | Create | Spearman |
| 28:21 | Create | Spearman |
| 29:07 | Create | Spearman |
| 29:07 | Create | Spearman |
| 29:07 | Create | Spearman |
| 29:07 | Create | Spearman |
| 29:27 | Research | Pikeman (upgrade) |
| 29:27 | Create | Spearman |
| 29:28 | Create | Spearman |
| 29:28 | Create | Spearman |
| 29:53 | Create | Battle Elephant |
| 29:53 | Create | Battle Elephant |
| 30:30 | Build | House |
| 30:31 | Build | House |
| 30:39 | Create | Villager (Male) |
| 30:39 | Create | Villager (Male) |
| 30:40 | Create | Villager (Male) |
| 30:40 | Create | Villager (Male) |
| 30:40 | Create | Villager (Male) |
| 30:40 | Create | Villager (Male) |
| 30:41 | Create | Villager (Male) |
| 31:49 | Build | Town Center |
| 32:50 | Create | Villager (Male) |
| 32:51 | Create | Villager (Male) |
| 32:51 | Create | Villager (Male) |
| 32:51 | Create | Villager (Male) |
| 32:53 | Research | Imperial Age |
| 32:56 | Create | Villager (Male) |
| 32:56 | Create | Villager (Male) |
| 32:57 | Create | Villager (Male) |
| 34:14 | Create | Villager (Male) |
| 34:14 | Create | Villager (Male) |
| 34:14 | Create | Villager (Male) |
| 34:28 | Build | Town Center |
| 35:07 | Create | Spearman |
| 35:07 | Create | Spearman |
| 35:07 | Create | Spearman |
| 35:08 | Create | Spearman |
| 35:08 | Create | Spearman |
| 35:08 | Create | Spearman |
| 35:15 | Build | Barracks |
Build order — [BK] Ayala_27
121 actions detected in the replay
| 0:17 | Build | House |
| 1:48 | Build | Town Center |
| 2:45 | Build | House |
| 2:50 | Build | Dock |
| 4:02 | Research | Loom |
| 4:03 | Create | Villager (Male) |
| 4:03 | Create | Villager (Male) |
| 4:03 | Create | Villager (Male) |
| 4:03 | Create | Villager (Male) |
| 6:00 | Create | Villager (Male) |
| 6:05 | Create | Fishing Ship |
| 6:05 | Create | Fishing Ship |
| 6:35 | Create | Fishing Ship |
| 7:09 | Create | Fishing Ship |
| 7:10 | Create | Fishing Ship |
| 7:42 | Create | Villager (Male) |
| 7:42 | Create | Villager (Male) |
| 8:15 | Create | Fishing Ship |
| 8:23 | Create | Villager (Male) |
| 8:33 | Build | House |
| 8:57 | Create | Villager (Male) |
| 9:03 | Build | House |
| 9:32 | Create | Villager (Male) |
| 9:32 | Create | Villager (Male) |
| 9:33 | Create | Villager (Male) |
| 9:51 | Create | Fishing Ship |
| 9:53 | Create | Villager (Male) |
| 9:53 | Create | Villager (Male) |
| 10:31 | Build | House |
| 10:44 | Create | Villager (Male) |
| 11:35 | Build | Barracks |
| 11:41 | Build | Palisade Wall |
| 11:51 | Create | Villager (Male) |
| 11:58 | Build | House |
| 12:24 | Build | Mill |
| 12:48 | Build | House |
| 12:53 | Build | Palisade Wall |
| 13:02 | Build | House |
| 13:17 | Research | Feudal Age |
| 13:17 | Create | Villager (Male) |
| 13:18 | Create | Villager (Male) |
| 13:29 | Build | Palisade Wall |
| 13:53 | Build | Dock |
| 14:39 | Build | House |
| 15:13 | Build | Palisade Wall |
| 15:27 | Age | Feudal Age |
| 15:32 | Create | Villager (Male) |
| 15:36 | Build | Archery Range |
| 15:42 | Build | Blacksmith |
| 15:49 | Create | Villager (Male) |
| 16:00 | Create | Villager (Male) |
| 16:21 | Build | Mining Camp |
| 16:31 | Build | Palisade Wall |
| 16:33 | Build | Palisade Wall |
| 16:59 | Create | Villager (Male) |
| 17:29 | Build | Lumber Camp |
| 17:33 | Create | Villager (Male) |
| 18:14 | Research | Castle Age |
| 19:08 | Research | Tech 906 |
| 19:14 | Create | Fire Galley |
| 19:15 | Create | Fire Galley |
| 19:26 | Research | Gold Mining |
| 19:29 | Research | Double-Bit Axe |
| 20:18 | Research | Fletching |
| 20:22 | Create | Archer |
| 20:22 | Create | Archer |
| 20:23 | Create | Archer |
| 20:23 | Create | Archer |
| 20:45 | Create | Fire Galley |
| 20:54 | Age | Castle Age |
| 21:02 | Build | Town Center |
| 21:43 | Create | Villager (Male) |
| 21:44 | Create | Villager (Male) |
| 22:19 | Build | Siege Workshop |
| 22:26 | Create | Archer |
| 22:27 | Create | Archer |
| 22:27 | Create | Archer |
| 23:50 | Create | Battering Ram |
| 24:05 | Build | Lumber Camp |
| 24:10 | Create | Archer |
| 24:10 | Create | Archer |
| 24:11 | Create | Archer |
| 24:44 | Create | Archer |
| 25:18 | Create | Battering Ram |
| 25:20 | Create | Archer |
| 25:45 | Create | Archer |
| 25:45 | Create | Archer |
| 25:46 | Create | Archer |
| 25:56 | Build | Castle |
| 26:19 | Create | Archer |
| 26:19 | Create | Archer |
| 26:58 | Build | Lumber Camp |
| 27:06 | Create | Archer |
| 29:08 | Build | Mining Camp |
| 29:51 | Build | Siege Workshop |
| 30:38 | Create | Battering Ram |
| 30:38 | Create | Battering Ram |
| 30:38 | Create | Battering Ram |
| 30:38 | Create | Battering Ram |
| 31:43 | Create | Battering Ram |
| 31:44 | Create | Battering Ram |
| 31:44 | Create | Battering Ram |
| 31:48 | Create | Kipchak |
| 31:48 | Create | Kipchak |
| 31:48 | Create | Kipchak |
| 32:56 | Create | Villager (Male) |
| 33:49 | Create | Kipchak |
| 33:50 | Create | Kipchak |
| 33:50 | Create | Kipchak |
| 33:50 | Create | Kipchak |
| 33:50 | Create | Kipchak |
| 35:52 | Build | Town Center |
| 36:50 | Build | Town Center |
| 38:25 | Create | Villager (Male) |
| 38:25 | Create | Villager (Male) |
| 40:33 | Build | Castle |
| 41:52 | Create | Kipchak |
| 41:53 | Create | Kipchak |
| 41:53 | Create | Kipchak |
| 41:53 | Create | Kipchak |
| 41:53 | Create | Kipchak |
Build order — FAKEDICK
First 150 of 248 actions detected
| 0:21 | Build | Town Center |
| 1:45 | Build | Dock |
| 2:18 | Build | House |
| 2:19 | Build | House |
| 2:44 | Create | Villager (Male) |
| 2:45 | Create | Villager (Male) |
| 2:45 | Create | Villager (Male) |
| 2:45 | Create | Villager (Male) |
| 2:45 | Create | Villager (Male) |
| 3:44 | Create | Villager (Male) |
| 4:15 | Create | Villager (Male) |
| 4:41 | Create | Villager (Male) |
| 5:42 | Create | Villager (Male) |
| 5:43 | Create | Villager (Male) |
| 6:21 | Create | Villager (Male) |
| 6:44 | Build | House |
| 7:05 | Create | Villager (Male) |
| 7:06 | Create | Villager (Male) |
| 7:06 | Create | Villager (Male) |
| 7:14 | Create | Villager (Male) |
| 7:15 | Create | Villager (Male) |
| 7:27 | Build | House |
| 8:02 | Create | Fishing Ship |
| 8:05 | Create | Fishing Ship |
| 8:22 | Create | Villager (Male) |
| 8:47 | Create | Fishing Ship |
| 9:23 | Create | Fishing Ship |
| 9:33 | Build | Dock |
| 9:47 | Create | Fishing Ship |
| 9:52 | Create | Villager (Male) |
| 10:11 | Build | House |
| 10:12 | Build | House |
| 10:14 | Create | Fishing Ship |
| 10:15 | Create | Fishing Ship |
| 10:51 | Build | House |
| 10:51 | Build | House |
| 10:58 | Create | Fishing Ship |
| 11:23 | Create | Fishing Ship |
| 11:27 | Create | Fishing Ship |
| 11:28 | Create | Fishing Ship |
| 11:37 | Create | Villager (Male) |
| 12:08 | Build | Mining Camp |
| 12:11 | Create | Villager (Male) |
| 12:12 | Create | Villager (Male) |
| 12:23 | Build | Mining Camp |
| 12:26 | Create | Fishing Ship |
| 12:34 | Create | Fishing Ship |
| 12:49 | Create | Villager (Male) |
| 13:09 | Build | Mill |
| 13:18 | Create | Fishing Ship |
| 13:24 | Create | Fishing Ship |
| 13:25 | Create | Fishing Ship |
| 13:55 | Create | Villager (Male) |
| 14:14 | Create | Fishing Ship |
| 14:20 | Create | Fishing Ship |
| 14:26 | Create | Fishing Ship |
| 14:28 | Create | Fishing Ship |
| 14:34 | Create | Fishing Ship |
| 15:00 | Create | Fishing Ship |
| 15:08 | Create | Fishing Ship |
| 15:17 | Research | Feudal Age |
| 15:32 | Create | Villager (Male) |
| 15:44 | Build | House |
| 15:48 | Build | House |
| 16:28 | Build | Barracks |
| 16:38 | Build | House |
| 16:56 | Create | Fishing Ship |
| 17:03 | Create | Fishing Ship |
| 17:04 | Create | Fishing Ship |
| 17:18 | Create | Villager (Male) |
| 17:18 | Create | Villager (Male) |
| 17:27 | Age | Feudal Age |
| 17:32 | Build | Market |
| 17:41 | Build | Blacksmith |
| 18:02 | Research | Tech 906 |
| 18:28 | Create | Trade Cog |
| 18:45 | Create | Militia |
| 18:45 | Create | Militia |
| 18:56 | Build | Stable |
| 19:26 | Create | Militia |
| 19:27 | Research | Man-at-Arms (upgrade) |
| 19:36 | Research | Castle Age |
| 19:41 | Create | Spearman |
| 19:44 | Create | Spearman |
| 20:50 | Create | Trade Cog |
| 21:13 | Create | Spearman |
| 21:14 | Create | Spearman |
| 21:33 | Build | Stable |
| 21:54 | Create | Spearman |
| 22:13 | Create | Scout Cavalry |
| 22:16 | Age | Castle Age |
| 22:25 | Research | Husbandry |
| 22:40 | Create | Villager (Male) |
| 22:40 | Create | Villager (Male) |
| 22:41 | Create | Villager (Male) |
| 22:41 | Create | Villager (Male) |
| 22:41 | Create | Villager (Male) |
| 22:41 | Create | Villager (Male) |
| 22:42 | Create | Villager (Male) |
| 22:42 | Create | Villager (Male) |
| 22:42 | Create | Villager (Male) |
| 22:47 | Build | Town Center |
| 23:12 | Build | House |
| 23:14 | Build | House |
| 23:14 | Build | House |
| 23:15 | Build | House |
| 23:30 | Create | Villager (Male) |
| 23:30 | Create | Villager (Male) |
| 23:30 | Create | Villager (Male) |
| 23:44 | Research | Gillnets |
| 24:00 | Research | Town Watch |
| 24:01 | Create | Villager (Male) |
| 24:01 | Create | Villager (Male) |
| 24:01 | Create | Villager (Male) |
| 24:01 | Create | Villager (Male) |
| 24:01 | Create | Villager (Male) |
| 24:21 | Create | Camel Scout |
| 24:52 | Create | Villager (Male) |
| 24:52 | Create | Villager (Male) |
| 24:52 | Create | Villager (Male) |
| 24:53 | Create | Villager (Male) |
| 24:53 | Create | Villager (Male) |
| 24:53 | Create | Villager (Male) |
| 24:53 | Create | Villager (Male) |
| 25:04 | Build | Lumber Camp |
| 25:19 | Build | Monastery |
| 25:23 | Create | Camel Scout |
| 25:41 | Create | Villager (Male) |
| 26:01 | Create | Unit 2626 |
| 26:04 | Create | Unit 2626 |
| 26:47 | Create | Camel Scout |
| 26:48 | Create | Camel Scout |
| 27:35 | Build | Castle |
| 27:43 | Create | Camel Scout |
| 27:44 | Create | Camel Scout |
| 28:12 | Research | Gold Mining |
| 28:25 | Build | Stone Wall |
| 28:38 | Create | Camel Scout |
| 28:38 | Research | Bloodlines |
| 28:41 | Create | Camel Scout |
| 28:41 | Create | Camel Scout |
| 29:01 | Create | Ghulam |
| 29:01 | Create | Ghulam |
| 29:01 | Create | Ghulam |
| 29:07 | Build | Mining Camp |
| 29:17 | Research | Squires |
| 29:31 | Create | Ghulam |
| 29:31 | Create | Ghulam |
| 29:40 | Build | Stone Wall |
| 30:49 | Create | Ghulam |
Build order — Diegonorreea
First 150 of 242 actions detected
| 0:55 | Build | Town Center |
| 2:56 | Research | Loom |
| 2:57 | Create | Villager (Male) |
| 2:57 | Create | Villager (Male) |
| 2:57 | Create | Villager (Male) |
| 2:58 | Create | Villager (Male) |
| 2:58 | Create | Villager (Male) |
| 4:33 | Create | Villager (Male) |
| 5:32 | Create | Villager (Male) |
| 5:32 | Create | Villager (Male) |
| 5:33 | Create | Villager (Male) |
| 6:20 | Create | Villager (Male) |
| 6:58 | Create | Villager (Male) |
| 6:58 | Create | Villager (Male) |
| 8:20 | Build | Mill |
| 8:32 | Build | Dock |
| 8:34 | Create | Villager (Male) |
| 8:46 | Create | Villager (Male) |
| 9:05 | Create | Villager (Male) |
| 9:13 | Create | Fishing Ship |
| 9:49 | Create | Fishing Ship |
| 9:51 | Create | Villager (Male) |
| 10:12 | Build | Dock |
| 10:13 | Create | Villager (Male) |
| 10:35 | Create | Fishing Ship |
| 10:49 | Create | Villager (Male) |
| 10:53 | Create | Fishing Ship |
| 11:07 | Create | Villager (Male) |
| 11:08 | Create | Villager (Male) |
| 11:20 | Create | Fishing Ship |
| 11:20 | Create | Fishing Ship |
| 11:44 | Create | Fishing Ship |
| 11:45 | Create | Fishing Ship |
| 11:58 | Create | Villager (Male) |
| 12:00 | Create | Villager (Male) |
| 12:20 | Create | Villager (Male) |
| 12:23 | Create | Fishing Ship ×2 |
| 12:23 | Create | Fishing Ship ×2 |
| 12:53 | Build | Mining Camp |
| 12:59 | Build | Palisade Wall |
| 13:03 | Build | Palisade Wall |
| 13:21 | Create | Villager (Male) |
| 13:34 | Build | Palisade Wall |
| 13:43 | Research | Feudal Age |
| 13:52 | Create | Fishing Ship ×2 |
| 13:52 | Create | Fishing Ship ×2 |
| 14:25 | Build | Lumber Camp |
| 15:06 | Build | Barracks |
| 15:59 | Create | Unit 2626 |
| 16:00 | Create | Fire Galley |
| 16:01 | Research | Double-Bit Axe |
| 16:17 | Create | Villager (Male) |
| 16:17 | Create | Villager (Male) |
| 16:23 | Build | Stable |
| 16:44 | Create | Unit 2626 |
| 16:52 | Create | Villager (Male) |
| 16:59 | Create | Fire Galley |
| 17:14 | Build | Stone Wall |
| 17:21 | Create | Scout Cavalry |
| 17:21 | Create | Scout Cavalry |
| 17:21 | Create | Scout Cavalry |
| 17:28 | Create | Unit 2626 |
| 17:36 | Research | Wheelbarrow |
| 17:50 | Create | Fire Galley |
| 18:06 | Create | Scout Cavalry |
| 18:07 | Create | Scout Cavalry |
| 18:16 | Build | Blacksmith |
| 18:48 | Create | Villager (Male) |
| 18:50 | Create | Villager (Male) |
| 18:55 | Create | Fire Galley |
| 18:57 | Create | Unit 2626 |
| 19:15 | Research | Scale Barding Armor |
| 20:37 | Create | Villager (Male) |
| 20:39 | Create | Villager (Male) |
| 20:51 | Build | Dock |
| 21:13 | Research | Forging |
| 21:36 | Build | Lumber Camp |
| 21:42 | Research | Tech 906 |
| 21:43 | Create | Fishing Ship ×5 |
| 22:45 | Research | Castle Age |
| 22:52 | Create | Fishing Ship ×5 |
| 24:12 | Research | Stone Mining |
| 24:14 | Research | Gold Mining |
| 24:51 | Create | Fire Galley ×5 |
| 25:33 | Research | Gillnets |
| 25:55 | Build | Castle |
| 26:00 | Build | Stone Wall |
| 26:05 | Build | Town Center |
| 26:06 | Create | Villager (Male) |
| 26:07 | Create | Villager (Male) |
| 26:07 | Create | Villager (Male) |
| 26:08 | Research | Bow Saw |
| 26:27 | Research | Chain Barding Armor |
| 27:05 | Research | Husbandry |
| 27:09 | Create | Villager (Male) |
| 27:10 | Create | Villager (Male) |
| 27:10 | Create | Villager (Male) |
| 27:22 | Create | Tarkan |
| 27:22 | Create | Tarkan |
| 27:42 | Create | Villager (Male) |
| 27:42 | Create | Villager (Male) |
| 27:43 | Create | Villager (Male) |
| 27:43 | Create | Villager (Male) |
| 27:47 | Build | Town Center |
| 28:18 | Create | Tarkan |
| 28:18 | Create | Tarkan |
| 28:19 | Create | Tarkan |
| 29:14 | Create | Tarkan |
| 29:14 | Create | Tarkan |
| 29:14 | Create | Tarkan |
| 29:15 | Create | Tarkan |
| 29:48 | Create | Villager (Male) |
| 29:49 | Create | Villager (Male) |
| 29:49 | Create | Villager (Male) |
| 29:49 | Create | Villager (Male) |
| 29:50 | Create | Villager (Male) |
| 29:52 | Create | Tarkan |
| 29:53 | Create | Tarkan |
| 29:53 | Create | Tarkan |
| 30:05 | Build | Blacksmith |
| 30:42 | Create | Tarkan |
| 30:42 | Create | Tarkan |
| 30:43 | Create | Tarkan |
| 30:48 | Create | Villager (Male) |
| 30:49 | Create | Villager (Male) |
| 30:49 | Create | Villager (Male) |
| 30:50 | Create | Villager (Male) |
| 30:50 | Create | Villager (Male) |
| 30:50 | Create | Villager (Male) |
| 30:55 | Build | Town Center |
| 30:57 | Create | Villager (Male) |
| 30:57 | Create | Villager (Male) |
| 30:57 | Create | Villager (Male) |
| 31:36 | Research | Iron Casting |
| 31:42 | Build | Gate |
| 31:52 | Build | Dock |
| 32:05 | Create | Knight |
| 32:05 | Create | Knight |
| 32:05 | Create | Knight |
| 32:06 | Create | Knight |
| 32:15 | Create | Tarkan |
| 32:16 | Create | Tarkan |
| 32:32 | Build | Stone Wall |
| 32:50 | Build | Lumber Camp |
| 33:04 | Create | Tarkan |
| 33:10 | Research | Bloodlines |
| 33:16 | Create | Tarkan |
| 33:16 | Create | Tarkan |
| 33:29 | Build | Dock |
| 33:33 | Create | Fishing Ship ×5 |
Build order — 還沒漲完?
First 150 of 379 actions detected
| 0:32 | Build | Town Center |
| 1:34 | Build | Dock |
| 1:38 | Build | House |
| 2:55 | Create | Villager (Male) ×4 |
| 3:51 | Create | Fishing Ship |
| 3:52 | Create | Fishing Ship |
| 4:35 | Research | Loom |
| 4:37 | Create | Fishing Ship |
| 4:37 | Create | Fishing Ship |
| 4:39 | Create | Villager (Male) |
| 4:39 | Create | Villager (Male) |
| 4:45 | Build | House |
| 5:23 | Build | House |
| 5:30 | Create | Fishing Ship |
| 5:47 | Create | Villager (Male) |
| 5:47 | Create | Villager (Male) |
| 6:22 | Create | Fishing Ship |
| 6:23 | Create | Villager (Male) |
| 6:23 | Create | Villager (Male) |
| 6:32 | Build | House |
| 6:51 | Create | Villager (Male) |
| 6:52 | Create | Villager (Male) |
| 6:54 | Create | Fishing Ship |
| 7:21 | Create | Villager (Male) |
| 7:21 | Create | Villager (Male) |
| 7:37 | Create | Villager (Male) |
| 7:37 | Create | Villager (Male) |
| 7:57 | Build | House |
| 7:58 | Create | Fishing Ship |
| 7:59 | Create | Villager (Male) |
| 7:59 | Create | Villager (Male) |
| 8:11 | Build | House |
| 8:28 | Create | Villager (Male) |
| 8:28 | Create | Villager (Male) |
| 8:28 | Create | Villager (Male) |
| 8:35 | Build | House |
| 8:41 | Build | House |
| 8:49 | Create | Fishing Ship |
| 8:49 | Create | Fishing Ship |
| 8:49 | Create | Fishing Ship |
| 8:51 | Create | Villager (Male) |
| 8:51 | Create | Villager (Male) |
| 8:58 | Create | Fishing Ship |
| 8:58 | Create | Fishing Ship |
| 9:12 | Build | House |
| 9:13 | Create | Villager (Male) |
| 9:13 | Create | Villager (Male) |
| 9:18 | Create | Fishing Ship |
| 9:18 | Create | Fishing Ship |
| 9:27 | Create | Villager (Male) |
| 9:44 | Build | Palisade Wall |
| 9:47 | Create | Villager (Male) |
| 9:47 | Create | Villager (Male) |
| 9:47 | Create | Villager (Male) |
| 9:57 | Create | Villager (Male) |
| 9:57 | Create | Villager (Male) |
| 10:21 | Build | Palisade Wall |
| 10:24 | Create | Villager (Male) |
| 10:24 | Create | Villager (Male) |
| 10:31 | Create | Fishing Ship |
| 11:01 | Create | Fishing Ship |
| 11:15 | Build | Mining Camp |
| 11:58 | Build | Barracks |
| 12:39 | Research | Feudal Age |
| 13:00 | Build | Barracks |
| 13:20 | Build | Lumber Camp |
| 13:28 | Build | Mining Camp |
| 14:03 | Build | House |
| 14:44 | Build | House |
| 14:49 | Age | Feudal Age |
| 15:04 | Create | Villager (Male) |
| 15:04 | Create | Villager (Male) |
| 15:05 | Create | Villager (Male) |
| 15:10 | Build | Blacksmith |
| 16:17 | Build | Stable |
| 16:30 | Build | Outpost |
| 16:34 | Create | Villager (Male) |
| 16:43 | Research | Double-Bit Axe |
| 16:58 | Research | Castle Age |
| 17:10 | Build | Mill |
| 17:32 | Research | Stone Mining |
| 18:01 | Create | Scout Cavalry |
| 18:07 | Research | Gold Mining |
| 18:23 | Research | Horse Collar |
| 18:52 | Research | Town Watch |
| 19:39 | Age | Castle Age |
| 19:44 | Build | Castle |
| 20:14 | Create | Spearman |
| 20:14 | Create | Spearman |
| 20:18 | Create | Knight |
| 20:38 | Create | Spearman |
| 20:38 | Create | Spearman |
| 21:12 | Research | Pikeman (upgrade) |
| 21:21 | Build | Town Center |
| 21:41 | Research | Bow Saw |
| 21:43 | Create | Villager (Male) |
| 21:52 | Research | Wheelbarrow |
| 22:02 | Create | Villager (Male) |
| 22:04 | Create | Woad Raider ×5 |
| 22:19 | Research | Heavy Plow |
| 22:20 | Create | Villager (Male) |
| 22:20 | Create | Villager (Male) |
| 22:41 | Build | Monastery |
| 23:11 | Create | Spearman |
| 23:12 | Create | Spearman |
| 23:18 | Create | Monk |
| 23:19 | Create | Monk |
| 23:21 | Create | Villager (Male) |
| 23:21 | Create | Villager (Male) |
| 23:36 | Build | Town Center |
| 23:38 | Create | Villager (Male) |
| 23:38 | Create | Villager (Male) |
| 23:56 | Build | Lumber Camp |
| 24:12 | Build | Siege Workshop |
| 24:13 | Create | Villager (Male) |
| 24:13 | Create | Villager (Male) |
| 24:30 | Create | Villager (Male) |
| 24:39 | Create | Spearman |
| 24:39 | Create | Spearman |
| 24:41 | Create | Villager (Male) |
| 24:42 | Create | Villager (Male) |
| 24:49 | Create | Mangonel |
| 25:17 | Create | Mangonel |
| 25:32 | Create | Spearman |
| 25:32 | Create | Spearman |
| 25:47 | Build | Farm |
| 25:47 | Build | Farm |
| 25:47 | Build | Farm |
| 25:48 | Build | Farm |
| 25:48 | Build | Farm |
| 25:48 | Build | Farm |
| 26:06 | Create | Villager (Male) |
| 26:06 | Create | Villager (Male) |
| 26:20 | Create | Battering Ram |
| 26:20 | Create | Battering Ram |
| 26:24 | Create | Villager (Male) |
| 26:25 | Create | Villager (Male) |
| 26:57 | Build | Town Center |
| 27:06 | Create | Villager (Male) |
| 27:07 | Create | Villager (Male) |
| 27:07 | Create | Villager (Male) |
| 27:09 | Create | Battering Ram ×5 |
| 27:17 | Build | Farm |
| 27:17 | Build | Farm |
| 27:18 | Build | Farm |
| 27:18 | Build | Farm |
| 27:18 | Build | Farm |
| 27:19 | Build | Farm |
| 27:45 | Create | Spearman |
| 27:46 | Create | Spearman |
Match timeline
| 0:37 | Steppo · first_building Dock |
| 0:39 | cortes.av · first_building Dock |
| 1:34 | 還沒漲完? · first_building Dock |
| 1:45 | FAKEDICK · first_building Dock |
| 2:50 | [BK] Ayala_27 · first_building Dock |
| 3:53 | Alcatraz · first_building Dock |
| 4:08 | Saul carvajal 9 · first_building Dock |
| 8:32 | Diegonorreea · first_building Dock |
| 8:34 | Alcatraz · wall_segment Palisade Wall x12 |
| 8:50 | Saul carvajal 9 · wall_segment Palisade Wall x6 |
| 9:44 | 還沒漲完? · wall_segment Palisade Wall x6 |
| 10:21 | 還沒漲完? · wall_segment Palisade Wall x3 |
| 11:02 | Alcatraz · wall_segment Palisade Wall x1 |
| 11:35 | [BK] Ayala_27 · first_building Barracks |
| 11:41 | [BK] Ayala_27 · wall_segment Palisade Wall x3 |
| 11:44 | Alcatraz · wall_segment Palisade Wall x8 |
| 11:48 | Saul carvajal 9 · first_building Barracks |
| 11:58 | 還沒漲完? · first_building Barracks |
| 12:14 | cortes.av · first_building Barracks |
| 12:16 | Alcatraz · wall_segment Palisade Wall x1 |
| 12:53 | [BK] Ayala_27 · wall_segment Palisade Wall x4 |
| 12:59 | Diegonorreea · wall_segment Palisade Wall x1 |
| 13:03 | Diegonorreea · wall_segment Palisade Wall x1 |
| 13:05 | Saul carvajal 9 · first_building Stable |
| 13:12 | cortes.av · age_up feudal |
| 13:29 | [BK] Ayala_27 · wall_segment Palisade Wall x6 |
| 13:34 | Diegonorreea · wall_segment Palisade Wall x1 |
| 13:42 | Alcatraz · first_building Barracks |
| 13:59 | Alcatraz · wall_segment Palisade Wall x1 |
| 14:25 | Saul carvajal 9 · wall_segment Palisade Wall x12 |
| 14:42 | Alcatraz · age_up feudal |
| 14:48 | Alcatraz · wall_segment Stone Wall x1 |
| 14:49 | 還沒漲完? · age_up feudal |
| 14:52 | Saul carvajal 9 · wall_segment Palisade Wall x17 |
| 15:06 | Diegonorreea · first_building Barracks |
| 15:13 | [BK] Ayala_27 · wall_segment Palisade Wall x9 |
| 15:27 | [BK] Ayala_27 · age_up feudal |
| 15:34 | Alcatraz · first_building Stable |
| 15:36 | [BK] Ayala_27 · first_building Archery Range |
| 16:17 | 還沒漲完? · first_building Stable |
| 16:23 | Diegonorreea · first_building Stable |
| 16:28 | FAKEDICK · first_building Barracks |
| 16:31 | [BK] Ayala_27 · wall_segment Palisade Wall x6 |
| 16:33 | [BK] Ayala_27 · wall_segment Palisade Wall x10 |
| 16:35 | Steppo · age_up feudal |
| 16:52 | Steppo · first_building Barracks |
| 17:14 | Diegonorreea · wall_segment Stone Wall x2 |
| 17:27 | FAKEDICK · age_up feudal |
| 17:45 | Alcatraz · wall_segment Stone Wall x9 |
| 17:57 | Steppo · first_building Archery Range |
| 18:34 | cortes.av · age_up castle |
| 18:53 | cortes.av · first_building Siege Workshop |
| 18:56 | FAKEDICK · first_building Stable |
| 19:14 | Steppo · first_building Stable |
| 19:26 | Saul carvajal 9 · first_building Castle |
| 19:33 | Alcatraz · age_up castle |
| 19:39 | 還沒漲完? · age_up castle |
| 19:44 | 還沒漲完? · first_building Castle |
| 20:54 | [BK] Ayala_27 · age_up castle |
| 21:16 | Saul carvajal 9 · first_building Siege Workshop |
| 21:21 | Steppo · age_up castle |
| 22:16 | FAKEDICK · age_up castle |
| 22:19 | [BK] Ayala_27 · first_building Siege Workshop |
| 22:41 | 還沒漲完? · first_building Monastery |
| 22:51 | FAKEDICK · first_market_buy 100 stone |
| 24:12 | 還沒漲完? · first_building Siege Workshop |
| 25:19 | FAKEDICK · first_building Monastery |
| 25:55 | Diegonorreea · first_building Castle |
| 25:56 | [BK] Ayala_27 · first_building Castle |
| 26:00 | Diegonorreea · wall_segment Stone Wall x1 |
| 27:22 | Steppo · first_building Monastery |
| 27:28 | FAKEDICK · first_market_sell 100 food |
| 27:35 | FAKEDICK · first_building Castle |
| 28:25 | FAKEDICK · wall_segment Stone Wall x12 |
| 29:40 | FAKEDICK · wall_segment Stone Wall x8 |
| 31:12 | Alcatraz · first_market_buy 100 wood |
| 31:41 | FAKEDICK · wall_segment Stone Wall x5 |
| 32:01 | Alcatraz · first_market_sell 100 food |
| 32:23 | FAKEDICK · first_building Archery Range |
| 32:32 | Diegonorreea · wall_segment Stone Wall x30 |
| 33:29 | Steppo · first_building Castle |
| 34:34 | Alcatraz · first_building Monastery |
| 34:50 | cortes.av · first_building Monastery |
| 35:19 | Diegonorreea · first_building Siege Workshop |
| 35:22 | FAKEDICK · age_up imperial |
| 35:33 | 還沒漲完? · age_up imperial |
| 36:31 | Saul carvajal 9 · wall_segment Stone Wall x4 |
| 37:03 | cortes.av · first_building Castle |
| 38:06 | Alcatraz · wall_segment Stone Wall x3 |
| 38:17 | Alcatraz · wall_segment Stone Wall x1 |
| 38:28 | cortes.av · age_up imperial |
| 41:32 | Alcatraz · first_building Castle |
| 41:34 | Steppo · age_up imperial |
| 42:18 | Diegonorreea · wall_segment Stone Wall x1 |
| 42:23 | [BK] Ayala_27 · resign |
| 42:39 | Diegonorreea · first_market_buy 100 stone |
| 45:16 | cortes.av · first_building Archery Range |
| 46:04 | Alcatraz · age_up imperial |
| 46:05 | Diegonorreea · wall_segment Stone Wall x1 |
| 47:55 | Saul carvajal 9 · first_building Archery Range |
[ AI ANALYSIS · 1 CREDIT ]
What really happened in this match?
Wolo.gg analyzes every decision: build order, eco, micro, common mistakes by bracket. Personalized analysis on WhatsApp or Discord in 30 seconds.
Civ guide
Chinese
Map guide
Nomad
Perfil
cortes.av